 Dungeon Crawl Stone Soup version 0.28-a0-312-gbced6e68ee (webtiles) character file.

Game seed: 12253174233494242525

270 octoduck the Firebug (level 6, -1/52 HPs)
             Began as a Tengu Fire Elementalist on Aug 30, 2021.
             Was an Initiate of Sif Muna.
             Slain by Pikel (7 damage)
             ... on level 3 of the Dungeon.
             The game lasted 00:15:56 (5584 turns).

octoduck the Firebug (Tengu Fire Elementalist)      Turns: 5584, Time: 00:15:56

Health: -1/52      AC: 30    Str:  8    XL:     6   Next: 22%
Magic:  10/10      EV:  2    Int: 17    God:    Sif Muna [......]
Gold:   51         SH:  0    Dex: 15    Spells: 7/9 levels left

rFire   . . .      SeeInvis .   f - +2 dagger (protect)
rCold   . . .      Faith    .   (no shield)
rNeg    + + +      Spirit   .   (armour currently unavailable)
rPois   +          Reflect  .   (helmet currently unavailable)
rElec   .          Harm     .   (cloak currently unavailable)
rCorr   .          Rampage  .   (gloves currently unavailable)
Will    .....      NoTele   +   (boots unavailable)
Stlth   ++........              (no amulet)
HPRegen 0.17/turn               h - ring of positive energy
MPRegen 0.12/turn               (no ring)

@: tree-form, under a protective aura
A: stationary, stasis, torment immunity, boosted hp, (beak), (talons 3), nimble
flight
a: Renounce Religion


You were on level 3 of the Dungeon.
You worshipped Sif Muna.
Sif Muna was noncommittal.
You were a tree.
You visited 2 branches of the dungeon, and saw 5 of its levels.

You collected 51 gold pieces.

Inventory:

Hand Weapons
 f - a +2 dagger of protection (weapon)
 k - a +1 dagger of venom
Armour
 a - a +0 robe (melded)
 j - a +0 scale mail
Magical Staves
 g - a staff of cold
Jewellery
 h - a ring of positive energy (left branch)
Wands
 m - a wand of iceblast (4)
Scrolls
 b - 3 scrolls of identify
 n - a scroll of teleportation
Potions
 c - a potion of cancellation {unknown}
 d - 2 potions of degeneration {unknown}
 l - a potion of attraction
 o - a potion of ambrosia {unknown}


   Skills:
 + Level 2.3 Fighting
 - Level 2.1 Dodging
 - Level 2.0 Stealth
 - Level 2.0 Spellcasting
 * Level 5.1 Conjurations
 * Level 5.3 Fire Magic


You had 7 spell levels left.
You knew the following spells:

 Your Spells              Type           Power      Damage    Failure   Level
a - Magic Dart            Conj           76%        1d6       2%          1
b - Foxfire               Conj/Fire      76%        2x1d7     2%          1

Your spell library contained the following spells:

 Spells                   Type           Power      Damage    Failure   Level
 Conjure Flame            Conj/Fire      19%        6-21      7%          3
 Static Discharge         Conj/Air       10%        N/A       11%         2
 Inner Flame              Hex/Fire       10%        N/A       19%         3
 Sticky Flame             Conj/Fire      19%        2d4       22%         4
 Fireball                 Conj/Fire      9%         3d6       52%         5
 Cause Fear               Hex            0%         N/A       88%         4
 Lightning Bolt           Conj/Air       5%         1d17      88%         5
 Discord                  Hex            0%         N/A       100%        8
 Maxwell's Capacitive Co  Air            0%         ∞         100%        8


Dungeon Overview and Level Annotations

Branches:
Dungeon (4/15)             Temple (1/1) D:4

Altars:
Fedhas
Gozag
Kikubaaqudgha
Makhleb
Nemelex Xobeh
Okawaru
Qazlal
Sif Muna
Uskayaw
Vehumet
Wu Jian
Yredelemnul
Zin
The Shining One

Annotations:
D:3 Pikel


Innate Abilities, Weirdness & Mutations

You are a tree.
Your roots penetrate the ground, keeping you stationary.
You cannot be teleported.
You are immune to unholy pain and torment.
Your maximum health is greatly increased.
Your equipment is partially melded.
((You have a beak for a mouth.))
((You have claws for feet.))
Your magical nature lets you fly swiftly and evasively.


Message History

The iguana is lightly wounded.
The iguana misses you.
Pikel says, "You'll make a fine lemure."
There is a stone staircase leading up here.
The iguana bites you!
Pikel hits you with a +1 whip of electrocution!
You fly upwards.
There is a stone staircase leading down here.
As you read the scroll labelled PYRHAR LOOQY, it crumbles to dust.
You feel momentarily disoriented.
It was a scroll of magic mapping.
The iguana barely misses you.
Pikel hits you with a +1 whip of electrocution.
You are electrocuted!
* * * LOW HITPOINT WARNING * * *
Okay, then.
Really quaff the potion of lignification?
You turn into a tree.
Your +0 robe melds into your body.
Your roots penetrate the ground.
The iguana bites you but does no damage.
Pikel hits you but does no damage.
Okay, then.
Aiming: Iceblast
Press: ? - help, Shift-Dir - straight line
Okay, then.
You hit the iguana but do no damage.
Your weapon exudes an aura of protection.
The iguana is lightly wounded.
The iguana bites you but does no damage.
Pikel waves his whip at you. Pikel hits you but does no damage.
Okay, then.
You hit the iguana but do no damage.
The iguana is lightly wounded.
The iguana bites you but does no damage.
Pikel hits you but does no damage.
You hit the iguana but do no damage.
The iguana is lightly wounded.
The iguana bites you but does no damage.
Pikel hits you with a +1 whip of electrocution!
You die...

......##.### ########.# # #.# #
#.# # #.# ### #.##### #########
..# #.....# #........
..######.###.######### #.###.###
.........# #...K♣l...# #.##.#...
######...###.#######.####.###.###
# ##......## #.<......###.###
##.###..####.#.####........ #.#
##.................... #.#
#...≈≈≈≈).####.._..## ##+##
##................... ##...##
#####.###.##.##...#. ##.....##
#.###.##.######.


You could see Pikel and an iguana.

Vanquished Creatures
  A lemure (D:3)
  A centaur skeleton (D:4)
  An iguana (D:4)
  An orc wizard (D:3)
  3 gnolls
  4 adders
  A worm (D:3)
  2 dart slugs (D:1)
  11 orcs
  5 ball pythons
  9 endoplasms
  A giant cockroach (D:3)
  12 hobgoblins
  12 jackals
  17 bats
  3 frilled lizards
  7 goblins
  7 kobolds
  7 rats
105 creatures vanquished.

Vanquished Creatures (others)
  278 foxfires
278 creatures vanquished.

Grand Total: 383 creatures vanquished

Notes
Turn   | Place    | Note
-------+----------+-------------------------------------------
     0 | D:1      | octoduck the Tengu Fire Elementalist began the quest for
                  | the Orb.
     0 | D:1      | Reached XP level 1. HP: 10/10 MP: 4/4
   207 | D:1      | Reached XP level 2. HP: 9/16 MP: 0/6
   889 | D:1      | Reached XP level 3. HP: 20/20 MP: 4/7
   968 | D:1      | Reached skill level 1 in Fighting
  2270 | D:2      | Reached XP level 4. HP: 25/25 MP: 5/8
  2325 | D:2      | You fall into a shaft and drop 1 floor!
  2326 | D:3      | Found a hide-covered altar of Uskayaw.
  2438 | D:2      | Found a faded altar of an unknown god.
  3516 | D:3      | Gained mutation: Your magical nature lets you fly swiftly
                  | and evasively. [Tengu growth]
  3516 | D:3      | Reached XP level 5. HP: 10/30 MP: 6/9
  4626 | D:4      | Reached skill level 5 in Fire Magic
  4670 | D:4      | Found a staircase to the Ecumenical Temple.
  4678 | Temple   | Entered the Ecumenical Temple
  4856 | D:4      | Reached XP level 6. HP: 35/35 MP: 6/10
  5062 | D:4      | Reached skill level 5 in Conjurations
  5092 | D:4      | Found an ancient bone altar of Kikubaaqudgha.
  5095 | D:4      | Found a shimmering blue altar of Sif Muna.
  5097 | D:4      | Found a radiant altar of Vehumet.
  5104 | D:4      | Got Vehumet's Handbook of Confrontation
  5122 | D:4      | Became a worshipper of Sif Muna the Loreminder
  5125 | D:4      | Learned a level 1 spell: Magic Dart
  5418 | D:4      | Noticed Pikel
  5584 | D:3      | Slain by Pikel

Illustrated notes

Levels and vault maps discovered:
D:1:      ebering_hopf_link, layout_basic
D:2:      layout_loops_ring, dreamdust_ecumenical_altar_statues,
          kennysheep_generic_room_11
D:3:      layout_loops_corners, mainiacjoe_overflow_boulevard
D:4:      layout_cave_pods, grunt_temple_overflow_magic_moments,
          minmay_temple_entry_junction, roderic_batcave, lightli_corner_chamber,
          uniq_pikel
Temple:   eino_temple_lava

Skill      XL: |  1  2  3  4  5  6 |
---------------+-------------------+-----
Conjurations   | 2 3 4 5 |  5.1
Fighting       | 1 2 |  2.3
Fire Magic     | 4 5 |  5.3
Dodging        | |  2.1
Stealth        | |  2.0
Spellcasting   | |  2.0

Action                   |  1- 3 |  4- 6 || total
-------------------------+-------+-------++-------
Melee: Dagger            |    13 |    42 ||    55
       Peck              |     1 |     5 ||     6
       Kick              |       |    11 ||    11
 Cast: Foxfire           |    70 |    97 ||   167
       Magic Dart        |       |    10 ||    10
  Use: Scroll            |     1 |     8 ||     9
       Potion            |       |     2 ||     2
Armor: Robe              |    14 |    19 ||    33
       Skin              |       |     7 ||     7
Dodge: Dodged            |    37 |    64 ||   101

Table legend: (Time is in decaauts)
 A = Elapsed time spent in this place.
 B = Non-inter-level travel time spent in this place.
 C = Inter-level travel time spent in this place.
 D = Time resting spent in this place.
 E = Time spent auto-exploring this place.
 F = Levels seen in this place.
 G = Mean time per level.
                   A        B        C        D        E       F      G
               +--------+--------+--------+--------+--------+-----+--------+
         Total |   5473 |   5155 |    318 |   1727 |   2061 |   5 | 1094.6 |
       Dungeon |   5416 |   5102 |    314 |   1727 |   2014 |   4 | 1354.0 |
        Temple |     57 |     53 |      4 |      0 |     47 |   1 |   57.0 |
               +--------+--------+--------+--------+--------+-----+--------+

Top non-repeatable levels by time:
     D:3: 1750 daAuts
     D:1: 1631 daAuts
     D:2: 1243 daAuts
     D:4: 791 daAuts
  Temple: 57 daAuts
